Map: Eternal Empire LE

Players

PtitDrogo - Winner!

  • Race: Protoss Protoss
  • League: Grandmaster
  • Spawn Location: 7:00

BratOK (Brat_OK)

  • Race: Terran Terran
  • League: Master
  • Spawn Location: 1:00

Event: DreamHack SC2 Masters 2020 Summer Europe

VOD

Have the link to the VOD?

Description

Time

  • Played on: June 26, 2020, 10:59 a.m.
  • Length: 7:37

All games in this series

Show
View Real Time Build Order
Export as new Build Order

PtitDrogo Protoss - Winner!

Build Orders: 1 Gate Expand, Zealot Archon 

Get SALT Encoding   

  12  0:00  Probe  
  13  0:12  Probe  
  14  0:17  Pylon  
  14  0:25  Probe  
  15  0:34  Probe  
  15  0:35  Gateway  
  15  0:42  Probe  
  16  0:47  Assimilator  
  17  0:52  Probe  
  18  1:04  Probe  
  19  1:16  Probe  
  20  1:22  Cybernetics Core  
  20  1:33  Nexus  
  20  1:40  Pylon  
  20  1:41  Probe  
  21  1:49  Adept  
  21  1:50  Assimilator  
  22  1:54  Probe  
  22  2:01  Warp Gate  
  24  2:09  Stalker, Probe  
  25  2:21  Probe  
  28  2:33  Probe  
  29  2:38  Robotics Facility  
  29  2:42  Probe  
  29  2:45  Probe  
  29  2:50  Probe  
  31  2:56  Gateway  
  31  2:57  Probe  
  33  3:00  Probe  
  34  3:06  Sentry  
  34  3:09  Probe  
  34  3:11  Gateway  
  37  3:13  Probe  
  37  3:18  Observer  
  38  3:22  Probe  
  38  3:25  Probe  
  41  3:30  Pylon  
  41  3:34  Probe  
  42  3:37  Probe  
  43  3:46  Probe  
  44  3:49  Probe  
  43  3:56  Nexus  
  43  3:58  Probe  
  43  4:01  Probe  
  43  4:04  Stalker x2  
  43  4:07  Probe, Pylon  
  43  4:09  Stalker, Probe  
  49  4:11  Observer  
  49  4:15  Probe  
  52  4:19  Assimilator, Probe  
  52  4:23  Assimilator  
  54  4:24  Probe  
  54  4:29  Probe  
  56  4:35  Twilight Council  
  56  4:36  Forge, Observer, Probe  
  57  4:41  Probe  
  58  4:48  Protoss Ground Weapons Level 1, Probe  
  58  4:51  Warp Prism  
  61  4:54  Probe  
  61  4:55  Gateway  
  62  5:00  Pylon  
  62  5:01  Gateway  
  62  5:03  Charge  
  62  5:07  Probe  
  62  5:08  Probe  
  62  5:12  Probe  
  64  5:15  Probe  
  64  5:20  Probe x2  
  66  5:21  Templar Archives  
  66  5:25  Stalker  
  69  5:29  Probe  
  69  5:33  Probe  
  69  5:34  Gateway, Probe  
  72  5:38  Gateway  
  72  5:44  Gateway  
  72  5:47  Gateway x2  
  72  5:52  Zealot x2  
  76  5:57  Pylon  
  76  5:58  High Templar, Pylon  
  76  5:59  High Templar  
  76  6:01  Zealot  
  82  6:05  Archon  
  82  6:18  Zealot x2  
  86  6:20  Probe x2  
  86  6:23  Pylon  
  86  6:24  Pylon  
  88  6:26  Pylon  
  88  6:32  High Templar x2  
  92  6:38  Archon, High Templar x2  
  92  6:39  Zealot x2  
  100  6:41  Zealot x4  
  100  6:42  Probe  
  100  6:43  Pylon  
  100  6:45  Archon, Pylon  
  109  6:49  Assimilator  
  109  6:53  Assimilator  
  109  7:02  Zealot x6  
  102  7:17  Zealot  
  102  7:18  Zealot x3  
  98  7:24  Zealot x3  
  98  7:26  Zealot  
  98  7:27  Zealot x2  
Show
View Real Time Build Order
Export as new Build Order

BratOK Terran 

Build Orders: Mech 

Get SALT Encoding   

  12  0:00  SCV  
  13  0:12  SCV  
  14  0:17  Supply Depot  
  14  0:25  SCV  
  15  0:38  SCV  
  15  0:40  Barracks  
  16  0:45  Refinery  
  16  0:50  SCV  
  17  1:03  SCV  
  18  1:15  SCV  
  19  1:28  Barracks Reactor  
  19  1:29  Orbital Command  
  19  1:44  Command Center  
  19  1:55  SCV  
  19  1:57  Supply Depot  
  20  2:07  SCV  
  20  2:08  Marine x2  
  20  2:13  Factory  
  22  2:20  SCV  
  23  2:26  Marine x2  
  25  2:32  Bunker  
  25  2:34  SCV  
  26  2:46  SCV  
  27  2:58  SCV  
  27  2:59  Factory Tech Lab  
  27  3:00  Orbital Command  
  28  3:12  SCV  
  29  3:13  Command Center  
  29  3:21  Siege Tank  
  29  3:24  SCV  
  29  3:26  Refinery  
  33  3:29  SCV  
  33  3:32  Marine  
  33  3:33  Marine  
  36  3:36  SCV  
  37  3:42  SCV  
  37  3:48  SCV  
  39  3:54  Marine, SCV  
  40  3:58  Siege Tank  
  40  4:00  SCV  
  42  4:06  SCV  
  43  4:13  Supply Depot, SCV  
  43  4:16  Marine x2  
  46  4:18  Engineering Bay  
  46  4:21  Refinery  
  46  4:22  Refinery  
  46  4:25  SCV  
  46  4:26  Orbital Command  
  46  4:27  SCV  
  46  4:30  Siege Tank  
  46  4:31  Factory  
  51  4:37  SCV  
  52  4:39  SCV  
  52  4:42  Marine x2  
  55  4:49  SCV  
  55  4:52  SCV  
  57  4:53  Missile Turret  
  57  4:54  Supply Depot, SCV  
  57  4:58  Factory  
  58  5:00  Armory  
  58  5:01  SCV  
  58  5:04  SCV  
  60  5:07  SCV  
  61  5:17  SCV  
  61  5:18  SCV  
  61  5:20  SCV  
  64  5:21  Siege Tank  
  64  5:23  Barracks Tech Lab  
  64  5:26  Hellion  
  64  5:27  Hellion  
  71  5:30  Supply Depot, SCV x2  
  71  5:31  Supply Depot  
  71  5:33  Orbital Command  
  73  5:46  SCV  
  74  5:50  Siege Tank  
  74  5:51  Hellion x2  
  74  5:53  Factory  
  74  5:55  Factory  
  74  5:56  SCV  
  82  5:58  SCV  
  82  6:01  SCV  
  84  6:08  SCV  
  84  6:10  SCV  
  84  6:15  Cyclone  
  84  6:16  Barracks Reactor  
  84  6:18  SCV  
  86  6:20  SCV  
  86  6:22  SCV  
  88  6:27  Missile Turret x2  
  88  6:28  Supply Depot  
  88  6:30  SCV  
  90  6:32  SCV  
  90  6:33  Missile Turret  
  90  6:34  SCV  
  93  6:40  Hellion  
  93  6:41  Factory Tech Lab  
  93  6:47  Supply Depot  
  93  6:49  Armory  
  93  6:50  SCV x3  
  93  6:52  Supply Depot  
  96  7:01  Siege Tank  
  96  7:02  Siege Tank, Hellion  
  96  7:08  Orbital Command  
  101  7:09  SCV  
  101  7:11  SCV  
Tags
 
Add a new tag
Caveats
  • Supply blocks, unpowered buildings, or Contaminate may cause inaccurate times.
  • Supply counts are checked every 10 seconds.